AoeStats
← iAlejandrouae

Black Forest

506105260Analyzed
4v4 RM · 20d ago on Sep 12, 2026· 42m 8s· 8 players
Game mode
Random Map
Map size
Large (8 player)
Population
200
Speed
Normal
Resources
Standard
Victory
Conquest
Starting age
Dark Age
Ending age
Imperial Age
RankedLock teamsTeams togetherTeam positionsShared explorationLock speedFull tech treeHidden civsTurbo modeCheats
Victory
Defeat
🇩🇪 Saracens · Germany
1607
+17
🇹🇷 Vietnamese · Türkiye
1593
+18
🇦🇷 Italians · Argentina
1580
+18
🇩🇪 Persians · Germany
1570
+18
🇨🇳 Lithuanians · China
1737
-23
🇦🇷 Spanish · Argentina
1666
-19
🇹🇼 Ethiopians · Taiwan
1583
-16
🇩🇪 Burmese · Germany
1521
-13
AncientKing
4:33 Loom
12:34 Feudal Age
17:41 Castle Age
16:40 Double-Bit Axe
19:31 Bow Saw
20:49 Fishing Lines
23:58 Wheelbarrow
24:39 Horse Collar
25:10 Gillnets
26:04 Stone Mining
26:50 Gold Mining
28:42 Hand Cart
32:12 Imperial Age
30:35 Gold Shaft Mining
31:46 Scale Barding Armor
31:52 Forging
32:36 Bloodlines
32:27 Husbandry
32:20 Town Watch
32:57 Chain Barding Armor
32:20 Elite Mameluke
34:18 Conscription
34:13 Bimaristan
33:53 Treadmill Crane
34:23 Masonry
35:15 Plate Barding Armor
35:16 Iron Casting
34:33 Fletching
35:05 Ballistics
37:32 Blast Furnace
36:28 Bodkin Arrow
37:10 Hoardings
37:17 Fortified Wall
38:08 Chemistry
38:54 Siege Engineers
40:09 Bracer
40:11 Padded Archer Armor
40:13 Scale Mail Armor
40:14 Padded Archer Armor
40:06 Guard Tower
40:18 Caravan
40:49 Coinage
40:21 Heavy Plow
40:55 Counterweights
NoName06
11:48 Feudal Age
13:05 Loom
16:38 Castle Age
17:34 Double-Bit Axe
17:36 Fishing Lines
18:31 Bow Saw
19:45 Fletching
20:29 Horse Collar
21:54 Elite Skirmisher
23:28 Padded Archer Armor
24:14 Gillnets
25:02 Town Watch
27:33 Bodkin Arrow
28:52 Heavy Plow
30:03 Wheelbarrow
31:36 Gold Mining
31:37 Stone Mining
35:14 Imperial Age
33:39 Caravan
33:45 Scale Barding Armor
33:51 Forging
34:33 Bloodlines
34:24 Husbandry
36:13 Chain Barding Armor
36:28 Iron Casting
36:40 Gold Shaft Mining
35:39 Cavalier
37:01 Conscription
37:52 Two-Man Saw
37:39 Plate Barding Armor
37:22 Elite War Elephant
39:38 Blast Furnace
40:59 Leather Archer Armor
42:04 Chemistry
41:25 Ballistics
iAlejandrouae
0:42 Loom
15:03 Feudal Age
16:04 Double-Bit Axe
20:48 Fletching
21:44 Town Watch
24:22 Fishing Lines
29:29 Castle Age
29:14 Padded Archer Armor
30:40 Bow Saw
31:26 Bodkin Arrow
32:50 Horse Collar
34:22 Heavy Plow
35:01 Wheelbarrow
35:17 Leather Archer Armor
35:45 Stone Mining
38:30 Ballistics
40:50 Imperial Age
38:20 Gold Mining
41:17 Hand Cart
42:01 Bracer
43:07 Chemistry
42:47 Leather Archer Armor
JavelinMen
1:04 Loom
11:42 Feudal Age
12:24 Double-Bit Axe
13:53 Horse Collar
17:24 Fletching
25:08 Castle Age
26:48 Bodkin Arrow
27:14 Bow Saw
28:52 Padded Archer Armor
31:33 Wheelbarrow
32:04 Hand Cart
31:56 Heavy Plow
33:19 Stone Mining
33:21 Gold Mining
37:38 Imperial Age
36:45 Town Watch
37:28 Thumb Ring
37:30 Elite Skirmisher
38:23 Bracer
38:38 Leather Archer Armor
39:43 Ballistics
40:23 Chemistry
39:08 Imperial Skirmisher
41:59 Ring Archer Armor
41:33 Pikeman
42:14 Squires
42:33 Scale Mail Armor
42:43 Forging
rikardo_latino
0:29 Loom
23:31 Feudal Age
灯笼
9:23 Feudal Age
9:26 Man-at-Arms
9:51 Loom
12:51 Double-Bit Axe
16:47 Loom
19:25 Castle Age
20:52 Bow Saw
21:18 Wheelbarrow
21:14 Fishing Lines
24:12 Hand Cart
23:49 Gold Mining
24:09 Horse Collar
27:34 Stone Mining
27:45 Heavy Plow
30:28 Scale Barding Armor
33:27 Imperial Age
31:44 Chain Barding Armor
32:08 Forging
31:49 Pikeman
32:30 Squires
33:23 Stone Shaft Mining
33:49 Scale Mail Armor
34:25 Iron Casting
34:30 Conscription
33:34 Elite Leitis
34:50 Plate Barding Armor
33:48 Halberdier
34:31 Husbandry
34:42 Bloodlines
35:43 Plate Barding Armor
35:26 Chain Mail Armor
37:13 Fletching
38:01 Padded Archer Armor
37:57 Bodkin Arrow
38:04 Padded Archer Armor
38:39 Ballistics
39:02 Hoardings
38:43 Bracer
39:45 Chemistry
默默默默默
11:45 Feudal Age
15:37 Castle Age
14:18 Double-Bit Axe
14:34 Fishing Lines
20:08 Fletching
23:06 Gillnets
27:15 Horse Collar
28:31 Heavy Plow
31:34 Wheelbarrow
31:15 Gold Mining
34:36 Imperial Age
32:35 Scale Barding Armor
32:41 Forging
33:50 Chain Barding Armor
34:05 Bow Saw
33:50 Stone Mining
35:52 Plate Barding Armor
36:32 Two-Man Saw
35:44 Bloodlines
34:55 Cavalier
35:36 Husbandry
37:01 Chemistry
36:19 Hand Cart
36:58 Paladin
38:31 Iron Casting
41:34 Blast Furnace
42:20 Loom
friend00792
0:40 Loom
10:22 Feudal Age
11:00 Double-Bit Axe
10:58 Man-at-Arms
12:45 Arson
16:15 Horse Collar
17:16 Fletching
22:45 Castle Age
21:12 Gold Mining
23:03 Padded Archer Armor
22:59 Crossbowman
24:38 Wheelbarrow
33:17 Imperial Age
30:41 Stone Mining
31:16 Bow Saw
32:15 Scale Mail Armor
32:32 Bodkin Arrow
34:15 Ballistics
34:24 Bracer
36:40 Halberdier
37:24 Squires
Connection lost

Rejoining the realm…

Still unreachable

The connection could not be restored.

Session expired

The server has moved on; the page needs a fresh start.